 Dungeon Crawl Stone Soup version 0.22-a0-407-gb098539 (webtiles) character file.

105258 GameOver the Archer (level 16, -1/133 HPs)
             Began as a Naga Wizard on May 9, 2018.
             Was the Champion of Kikubaaqudgha.
             Slain by a peacekeeper (19 damage)
             ... in the Desolation of Salt on May 10, 2018.
             The game lasted 03:32:31 (22765 turns).

GameOver the Archer (Naga Wizard)                  Turns: 22765, Time: 03:32:32

Health: -1/133     AC: 22    Str: 11    XL:     16   Next: 40%
Magic:  8/28       EV: 10    Int: 27    God:    Kikubaaqudgha [******]
Gold:   930        SH:  0    Dex: 13    Spells: 3/31 levels left

rFire    . . .     SeeInvis +   q - +8 longbow "Zephyr" {speed, Dex+3 SInv}
rCold    + . .     Gourm    .   (shield currently unavailable)
rNeg     + . .     Faith    .   K - +2 ring mail {MR+}
rPois    +         Spirit   .   n - +0 hat {Int+3}
rElec    .         Reflect  .   X - +2 cloak {rC+}
rCorr    .         Harm     .   k - +2 pair of gloves of the Dwarven Hall {rPois rN+ Regen+}
MR       ++++.                  (no barding)
Stlth    +++.......             (no amulet)
HPRegen  1.72/turn              i - +5 ring of protection
MPRegen  0.21/turn              x - ring of protection from magic

@: about to teleport, very slightly contaminated, regenerating (expiring),
hasted, quick
A: large, see invisible, deformed body, poison resistance, slowness 2, slow
metabolism 1, spit poison 1, constrict 1, AC +5
a: Spit Poison, Receive Corpses, Torment, Renounce Religion


You were in the Desolation of Salt.
You worshipped Kikubaaqudgha.
Kikubaaqudgha was exalted by your worship.
You were not hungry.

You visited 5 branches of the dungeon, and saw 24 of its levels.
You also visited: Ice Cave and Desolation.

You collected 2620 gold pieces.
You spent 1690 gold pieces at shops.

Inventory:

Hand Weapons
 q - the +8 longbow "Zephyr" (weapon) {speed, Dex+3 SInv}
   (You found it on level 3 of the Lair of Beasts)

   Attacks with this weapon are significantly faster.
   It affects your dexterity (+3).
   It lets you see invisible.
 w - the +11 dagger "Oraritok" {pierce, rF+ Dex+2}
   (You found it on level 4 of the Dungeon)

   It inflicts extra damage upon your enemies.
   It affects your dexterity (+2).
   It protects you from fire.
 E - a +1 long sword of pain
 F - a +3 double sword
Missiles
 j - 306 arrows (quivered)
 D - 6 javelins of returning
 J - 128 bolts
Armour
 k - the +2 pair of gloves of the Dwarven Hall (worn) {rPois rN+ Regen+}
   (You bought it in a shop on level 13 of the Dungeon)

   It protects you from poison.
   It protects you from negative energy.
   It increases your rate of regeneration.
 n - a +0 hat of intelligence (worn)
 C - the +18 shield of the Gong {rElec rN+ MR+ EV-5}
   (You acquired it on level 6 of the Lair of Beasts)

   It affects your evasion (-5).
   It insulates you from electricity.
   It protects you from negative energy.
   It affects your resistance to hostile enchantments.
 K - a +2 ring mail of magic resistance (worn)
 X - a +2 cloak of cold resistance (worn)
Magical Staves
 B - an uncursed staff of fire
Jewellery
 i - a +5 ring of protection (left hand)
 x - a ring of protection from magic (right hand)
Wands
 e - a wand of flame (50)
 v - a wand of random effects (13)
 y - a wand of digging (9)
 z - a wand of paralysis (31)
 L - a wand of disintegration (18)
 T - a wand of iceblast (14)
 W - a wand of acid (3)
Scrolls
 c - 2 scrolls of enchant weapon
 f - 6 scrolls of remove curse
 h - 2 scrolls of enchant armour
 o - a scroll of blinking {unknown}
 p - 2 scrolls of teleportation
 r - 5 scrolls of identify
 u - 5 scrolls of magic mapping
 I - a scroll of fog
 N - 2 scrolls of amnesia
 O - a scroll of fear
Potions
 a - 3 potions of magic
 b - a potion of resistance
 g - a potion of haste
 l - 3 potions of heal wounds
 m - a potion of berserk rage
 s - 5 potions of flight
 t - 5 potions of brilliance
 A - a potion of ambrosia
 G - 6 potions of curing
 H - 2 potions of agility
 Y - a potion of might
Miscellaneous
 Z - a lightning rod (2/4)
Comestibles
 d - 42 rations


   Skills:
 - Level 6.0 Fighting
 - Level 10.0 Short Blades
 * Level 12.6 Bows
 * Level 6.0 Armour
 - Level 5.1 Dodging
 - Level 8.3 Stealth
 - Level 8.2 Spellcasting
 - Level 6.0 Conjurations
 - Level 6.0 Hexes
 - Level 6.1 Charms
   Level 1.0 Summonings
 - Level 12.2 Necromancy
 - Level 4.0 Translocations
 - Level 2.7 Air Magic
 + Level 5.1 Earth Magic
 - Level 6.0 Poison Magic
 - Level 4.1 Evocations


You had 3 spell levels left.
You knew the following spells:

 Your Spells              Type           Power        Failure   Level  Hunger
a - Borgnjor's Vile Clut  Necr/Erth      ######....   9%          5    ####...
b - Blink                 Tloc           N/A          3%          2    None
c - Spectral Weapon       Hex/Chrm       #####...     2%          3    None
d - Dispel Undead         Necr           ######..     1%          5    ####...
q - Animate Dead          Necr           N/A          1%          4    ##.....
s - Mephitic Cloud        Conj/Pois/Air  #####...     4%          3    None
v - Portal Projectile     Hex/Tloc       #####.       4%          3    None
x - Regeneration          Chrm/Necr      ######....   1%          3    None


Dungeon Overview and Level Annotations

Branches:
Dungeon (13/15)            Temple (1/1) D:5            Lair (6/6) D:11
  Swamp (0/4) Lair:3        Snake (0/4) Lair:2        Slime (0/5) Lair:5
    Orc (2/2) D:10            Elf (2/3) Orc:2        Vaults (0/5) D:13

Altars:
Ashenzari
Cheibriados
Dithmenos
Elyvilon
Fedhas
Gozag
Hepliaklqana
Kikubaaqudgha
Makhleb
Nemelex Xobeh
Okawaru
Qazlal
Ru
Sif Muna
Trog
Uskayaw
Vehumet
Wu Jian
Xom
Yredelemnul
Zin
The Shining One
Beogh

Shops:
D:4 ((((   D:6 *   D:9 ?   D:13 [%?   Orc:2 [:(*   Elf:2 *

Annotations:
Lair:4 exclusion: oklob plant


Innate Abilities, Weirdness & Mutations

You cannot wear boots.
Your serpentine skin is tough. (AC +5)
You have supernaturally acute eyesight. (SInv)
Armour fits poorly on your strangely shaped body.
Your system is resistant to poisons. (rPois)
You cover ground very slowly.
You have a slow metabolism.
You can spit poison.
You can use your snake-like lower body to constrict enemies.


Message History

Unknown command.
Unknown command.
Casting: Blink (safe; 3% risk of failure)
Confirm with . or Enter, or press ? or * to list all spells.
You blink.
The saltling hits you.
Unknown command.
Unknown command.
As you read the scroll of teleportation, it crumbles to dust.
You feel strangely unstable. The saltling misses you.
The saltling barely misses you. The saltling hits you! x2
* * * LOW HITPOINT WARNING * * *
Unknown command.
Casting: Blink (safe; 3% risk of failure)
Confirm with . or Enter, or press ? or * to list all spells.
You blink.
The saltling hits you!!
* * * LOW HITPOINT WARNING * * *
The saltling hits you but does no damage.
The peacekeeper bites you!!
You die...
Kikubaaqudgha rasps: "You have failed me!
Welcome... death!"

.............8...##
....#......(..........##
....#................§.#
............((.......§.§§
.......8......S...§.(§§§.
...........((.....§§§§§.§
...8.....8.(.(...§§§§.§§§
.........8§8((..§§§§§§§§§
.......8@88§.((.§§.§§§§§§
.......8888#8...§§§§§§§§§
.......§.8...)...§§§§§§§§
..........8......§§§§§§§§
.................#§§§.§§§
..................§.§...§
..................§..§...
.........................
.......∩.................


You could see 2 peacekeepers, a guardian serpent (fleeing) and 13 saltlings.

Vanquished Creatures
  Gastronok (Lair:3)
  A deep elf sorcerer (Elf:1)
  An orc warlord (Orc:2)
  Snorg (Lair:4)
  A deep elf high priest (Elf:1)
  6 ragged hierophants
  8 vault guards (D:13)
  7 hydras
  A peacekeeper (Desolation)
  A catoblepas (Lair:5)
  3 centaur warriors
  A death knight (D:11)
  A merfolk avatar (Lair:6)
  3 death yaks
  5 two-headed ogres
  3 dancing weapons
  An orc high priest (Orc:2)
  Urug (Orc:1)
  A deep elf knight (Elf:2)
  5 skeletal warriors
  Nergalle (Lair:4)
  An unseen horror (D:13)
  2 sea snakes (Lair:6)
  A lindwurm (Lair:6)
  Pikel (D:8)
  7 orc knights
  A harpy (Lair:6)
  A necromancer (IceCv)
  4 ugly things
  4 orc sorcerers (Orc:2)
  18 deep elf magi
  A manticore (Lair:6)
  2 cyclopes
  10 elephants (Lair:6)
  4 black mambas
  An ice statue (IceCv)
  A guardian serpent (Desolation)
  3 centaur skeletons
  15 spiny frogs
  11 freezing wraiths
  7 komodo dragons
  6 rime drakes
  2 polar bears
  3 trolls
  29 blink frogs
  19 saltlings
  A wind drake (Lair:6)
  2 hornets
  10 slime creatures
  13 hippogriffs
  A spriggan (Lair:3)
  An air elemental (Elf:1)
  2 wraiths (D:11)
  Sigmund (D:3)
  8 wyverns
  19 yaks
  A hungry ghost (D:12)
  2 basilisks
  3 nagas (Lair:2)
  12 wargs
  3 swamp worms (Lair:3)
  A soldier ant (D:8)
  8 water moccasins
  7 porcupines
  7 sky beasts
  22 orc warriors
  11 ice beasts
  2 phantoms
  2 black bears
  An eye of draining (D:13)
  11 ogres
  A wolf (D:9)
  5 centaurs
  A big kobold (D:10)
  14 crocodiles
  Blork the orc (D:6)
  15 bullfrogs
  A gnoll sergeant (Orc:1)
  A wyvern skeleton (D:11)
  5 scorpions
  10 wights
  3 howler monkeys
  2 electric eels
  A centaur zombie (D:8)
  9 crimson imps
  7 hounds
  7 draconian simulacra (IceCv)
  24 orc priests
  10 jellies
  20 orc wizards
  An iguana (D:10)
  2 troll simulacra (IceCv)
  Natasha (thrice) (D:2)
  12 worker ants
  A polar bear simulacrum (IceCv)
  A spriggan simulacrum (IceCv)
  3 wolf simulacra (IceCv)
  4 centaur simulacra (IceCv)
  2 hound zombies
  A hound skeleton (D:8)
  A killer bee simulacrum (D:9)
  A worker ant zombie (D:8)
  12 adders
  7 gnolls
  4 naga simulacra (IceCv)
  2 ogre simulacra (IceCv)
  3 shadow imps
  12 white imps (IceCv)
  An ufetubus (D:9)
  An ooze (Lair:5)
  An adder skeleton (D:4)
  A worm (D:8)
  4 leopard geckos
  62 orcs
  4 goblins
  3 hobgoblins
  13 jackals
  4 quokkas
  A ball python (D:3)
  A ball python zombie (D:6)
  7 bats
  7 frilled lizards
  A jackal skeleton (D:4)
  4 kobolds
  2 quokka skeletons (D:7)
  A quokka zombie (D:7)
  2 rats (D:2)
687 creatures vanquished.

Vanquished Creatures (others)
  A hippogriff (Lair:5)
  A slave (D:8)
  A jelly (D:8)
  A bush (Lair:6)
  11 fungi
  21 plants
  8 spectral weapons
44 creatures vanquished.

Grand Total: 731 creatures vanquished

Notes
Turn   | Place    | Note
-------+----------+-------------------------------------------
     0 | D:1      | GameOver the Naga Wizard began the quest for the Orb.
     0 | D:1      | Reached XP level 1. HP: 15/15 MP: 4/4
   188 | D:1      | Reached XP level 2. HP: 6/22 MP: 0/6
   907 | D:1      | Found a glowing golden altar of the Shining One.
  1111 | D:2      | Reached XP level 3. HP: 28/28 MP: 5/7
  1115 | D:2      | Learned a level 2 spell: Blink
  1119 | D:2      | Learned a level 3 spell: Mephitic Cloud
  1591 | D:2      | Noticed Natasha
  1596 | D:2      | Killed Natasha
  1596 | D:2      | Reached XP level 4. HP: 36/36 MP: 5/8
  1688 | D:2      | Noticed Natasha
  1695 | D:2      | Killed Natasha
  1815 | D:2      | Noticed Natasha
  1821 | D:2      | Killed Natasha
  1821 | D:2      | Reached skill level 5 in Stealth
  1839 | D:3      | Noticed Sigmund
  1849 | D:3      | Killed Sigmund
  1849 | D:3      | Reached skill level 5 in Conjurations
  1849 | D:3      | Reached XP level 5. HP: 42/42 MP: 5/9
  1849 | D:3      | Reached XP level 6. HP: 49/49 MP: 5/10
  2300 | D:3      | Found a shattered altar of Ashenzari.
  2383 | D:3      | Reached skill level 1 in Poison Magic
  2545 | D:4      | Found Biczauj's Antique Weapon Shop.
  2675 | D:4      | Reached XP level 7. HP: 52/55 MP: 9/11
  2720 | D:4      | Found Ijecod Eghyp's Antique Weapon Shoppe.
  2988 | D:4      | Found Idweuren's Weapon Shoppe.
  3212 | D:4      | Got an iridescent dagger
  3213 | D:4      | Identified the +11 dagger "Oraritok" {pierce, rF+ Dex+2} (You found it on level 4 of the Dungeon)
  3240 | D:4      | Found Sosur's Weapon Shop.
  3448 | D:5      | Entered Level 5 of the Dungeon
  3601 | D:5      | Reached skill level 1 in Fighting
  3601 | D:5      | Reached skill level 1 in Short Blades
  3714 | D:5      | Reached XP level 8. HP: 67/67 MP: 8/12
  3815 | D:5      | Reached skill level 5 in Poison Magic
  3821 | D:5      | Found a staircase to the Ecumenical Temple.
  3832 | Temple   | Entered the Ecumenical Temple
  3937 | Temple   | Became a worshipper of Kikubaaqudgha
  4174 | D:6      | Found Vinieh's Assorted Antiques.
  4182 | D:6      | Bought 3 scrolls of identify for 156 gold pieces
  4182 | D:6      | Bought a fuming pink potion for 23 gold pieces
  4182 | D:6      | Bought a smoky golden potion for 23 gold pieces
  4268 | D:6      | Noticed Blork the orc
  4283 | D:6      | Killed Blork the orc
  5086 | D:7      | Reached skill level 1 in Armour
  5149 | D:7      | Found a deep blue altar of Sif Muna.
  5182 | D:7      | Reached XP level 9. HP: 75/75 MP: 7/13
  5276 | D:7      | Reached * piety under Kikubaaqudgha
  5276 | D:7      | Identified Kikubaaqudgha's Collected Works on Evil Arts (Kikubaaqudgha gifted it to you on level 7 of the Dungeon)
  5276 | D:7      | Received a gift from Kikubaaqudgha
  5294 | D:7      | Reached skill level 5 in Short Blades
  5438 | D:7      | Found a shimmering altar of Xom.
  5452 | D:7      | Found a shimmering altar of Xom.
  5452 | D:7      | Found a shimmering altar of Xom.
  5454 | D:7      | Found a shimmering altar of Xom.
  5461 | D:7      | Found a shimmering altar of Xom.
  5464 | D:7      | Found a shimmering altar of Xom.
  5801 | D:8      | Noticed a hornet
  5802 | D:8      | Killed a hornet
  5933 | D:8      | Noticed Pikel
  5950 | D:8      | Killed Pikel
  5950 | D:8      | Reached XP level 10. HP: 46/85 MP: 10/14
  6568 | D:9      | Reached ** piety under Kikubaaqudgha
  6867 | D:9      | Reached skill level 5 in Armour
  6916 | D:9      | Found Riohojil's Magic Scroll Emporium.
  6934 | D:9      | Bought a scroll of identify for 28 gold pieces
  6934 | D:9      | Bought a scroll of identify for 28 gold pieces
  7122 | D:9      | Noticed a centaur warrior
  7134 | D:9      | Killed a centaur warrior
  7134 | D:9      | Reached skill level 5 in Dodging
  7286 | D:10     | Entered Level 10 of the Dungeon
  7465 | D:10     | Reached *** piety under Kikubaaqudgha
  7465 | D:10     | Identified Kikubaaqudgha's Papyrus of Darkness (Kikubaaqudgha gifted it to you on level 10 of the Dungeon)
  7465 | D:10     | Received a gift from Kikubaaqudgha
  7533 | D:10     | Reached skill level 1 in Necromancy
  7564 | D:10     | Reached XP level 11. HP: 77/93 MP: 11/15
  7567 | D:10     | Found a staircase to the Orcish Mines.
  7574 | D:10     | Reached skill level 5 in Fighting
  7723 | D:10     | Noticed a two-headed ogre
  7758 | D:10     | Killed a two-headed ogre
  8018 | D:11     | Paralysed by a hornet for 2 turns
  8051 | D:11     | Noticed a death knight
  8051 | D:11     | Noticed a skeletal warrior
  8099 | D:11     | Reached skill level 1 in Evocations
  8253 | D:11     | Found a staircase to the Lair.
  8432 | D:11     | Noticed a two-headed ogre
  8450 | D:11     | Noticed a cyclops
  8537 | Lair:1   | Entered Level 1 of the Lair of Beasts
  8619 | Lair:1   | Reached **** piety under Kikubaaqudgha
  8797 | Lair:1   | Learned a level 4 spell: Animate Dead
  8850 | Lair:1   | Noticed a seven-headed hydra
  8893 | Lair:1   | Reached skill level 1 in Air Magic
  9099 | Lair:1   | Killed a seven-headed hydra
  9310 | Lair:1   | Reached skill level 5 in Necromancy
  9310 | Lair:1   | Reached XP level 12. HP: 105/105 MP: 16/16
  9443 | Lair:1   | Learned a level 3 spell: Regeneration
  9447 | Lair:1   | Learned a level 3 spell: Spectral Weapon
  9599 | Lair:2   | Reached skill level 1 in Hexes
  9599 | Lair:2   | Reached skill level 1 in Charms
  9694 | Lair:2   | Found a staircase to the Snake Pit.
  9891 | Lair:2   | Reached skill level 10 in Short Blades
 10359 | Lair:3   | Noticed Gastronok
 10396 | Lair:3   | Found a frozen archway.
 10448 | IceCv    | Entered an ice cave
 10615 | IceCv    | Reached ***** piety under Kikubaaqudgha
 11024 | IceCv    | Got an encrusted dire flail
 11029 | IceCv    | Identified the +5 dire flail "Lycluymo" {protect, -Tele +Inv Int+4} (You found it in an ice cave)
 11044 | IceCv    | Found an ancient bone altar of Kikubaaqudgha.
 11057 | IceCv    | Reached skill level 5 in Spellcasting
 11176 | IceCv    | Learned a level 5 spell: Dispel Undead
 11617 | Lair:3   | Noticed a four-headed hydra
 11648 | Lair:3   | Gained mutation: You can use your snake-like lower body to constrict enemies. [Naga growth]
 11648 | Lair:3   | Reached XP level 13. HP: 105/111 MP: 14/21
 11727 | Lair:3   | Reached skill level 5 in Hexes
 11727 | Lair:3   | Reached skill level 5 in Charms
 11794 | Lair:3   | Found a staircase to the Swamp.
 11936 | Lair:3   | Killed Gastronok
 12109 | Lair:3   | Found the +8 longbow "Zephyr" {speed, Dex+3 SInv}
 12267 | Lair:3   | Got a pair of fine gloves
 12278 | Lair:3   | Identified the +2 pair of gloves "Poilimn" {*Corrode rElec MR- Int+5} (You found it on level 3 of the Lair of Beasts)
 12716 | Lair:4   | Noticed Nergalle
 12723 | Lair:4   | Noticed Snorg
 12726 | Lair:4   | Killed Nergalle
 12734 | Lair:4   | Killed Snorg
 12734 | Lair:4   | Reached skill level 1 in Bows
 13523 | Lair:5   | Found a staircase to the Slime Pits.
 13844 | Lair:6   | Entered Level 6 of the Lair of Beasts
 14039 | Lair:6   | Reached skill level 5 in Bows
 14114 | Lair:6   | Reached ****** piety under Kikubaaqudgha
 14124 | Lair:6   | Reached XP level 14. HP: 37/120 MP: 11/23
 14291 | Lair:6   | HP: 1/120 [blink frog (15)]
 14643 | Temple   | Received a gift from Kikubaaqudgha
 14900 | D:11     | Reached skill level 10 in Necromancy
 15198 | D:12     | Found an ornate altar of the Wu Jian Council.
 16237 | D:13     | Found Nehustrep's Magic Scroll Shop.
 16637 | D:13     | Found Lefity's Armour Shoppe.
 16645 | D:13     | Bought a scroll of enchant weapon for 112 gold pieces
 16645 | D:13     | Bought a scroll of teleportation for 45 gold pieces
 16645 | D:13     | Bought a scroll of enchant armour for 112 gold pieces
 16645 | D:13     | Bought a scroll of identify for 30 gold pieces
 16645 | D:13     | Bought a scroll of enchant weapon for 112 gold pieces
 16689 | D:13     | Bought the +2 pair of gloves of the Dwarven Hall {rPois rN+ Regen+} for 388 gold pieces
 16772 | D:13     | Reached XP level 15. HP: 56/126 MP: 11/26
 16856 | D:13     | Found a gate to the Vaults.
 16923 | D:13     | Found a blossoming altar of Fedhas.
 16940 | D:13     | Found Tarr's Food Shoppe.
 17350 | Lair:6   | Reached skill level 10 in Bows
 17731 | Lair:6   | Identified a scroll of acquirement
 17740 | Lair:6   | Found the +18 shield of the Gong {rElec rN+ MR+ EV-5}
 18135 | Lair:6   | Learned a level 3 spell: Portal Projectile
 18345 | Lair:6   | Learned a level 5 spell: Borgnjor's Vile Clutch
 18550 | Orc:1    | Entered Level 1 of the Orcish Mines
 18568 | Orc:1    | Noticed Urug
 18611 | Orc:1    | Killed Urug
 18802 | Orc:1    | Reached skill level 1 in Earth Magic
 19072 | Orc:1    | Found a roughly hewn altar of Beogh.
 19487 | Orc:2    | Entered Level 2 of the Orcish Mines
 19487 | Orc:2    | Found a roughly hewn altar of Beogh.
 20019 | Orc:2    | Noticed an orc warlord
 20334 | Orc:2    | Found a roughly hewn altar of Beogh.
 20345 | Orc:2    | Found Lucipsy's General Store.
 20349 | Orc:2    | Found a staircase to the Elven Halls.
 20478 | Orc:2    | Killed an orc warlord
 20547 | Orc:2    | Found Veasuus Nyul's Antique Weapon Emporium.
 20553 | Orc:2    | Found Quuham's Antique Armour Emporium.
 20608 | Orc:2    | Found Zyrchawia's Book Emporium.
 20661 | Orc:2    | Bought a scroll of teleportation for 48 gold pieces
 20991 | Elf:1    | Entered Level 1 of the Elven Halls
 21466 | Elf:1    | Reached XP level 16. HP: 133/133 MP: 21/28
 22043 | Elf:2    | Found Tipaofu's General Store.
 22052 | Elf:2    | Bought a scroll of fear for 63 gold pieces
 22052 | Elf:2    | Bought 2 potions of agility for 144 gold pieces
 22052 | Elf:2    | Bought a +2 ring mail of magic resistance for 378 gold pieces
 22152 | Elf:2    | Found a ruined gateway.
 22164 | Desolati | Entered the Desolation of Salt
 22524 | Desolati | Reached skill level 5 in Earth Magic
 22765 | Desolati | Slain by a peacekeeper

Vault maps used:
D:1:      dpeg_arrival_windows_large_door, roderic_lattice_a, tso_altar
D:2:      first_ration, uniq_natasha
D:3:      lemuel_round_altar, uniq_sigmund
D:4:      serial_shops, shop, kennysheep_mini, shop, shop
D:5:      minmay_temple_entry_large_hall
D:6:      serial_shops, shop, uniq_blork_the_orc
D:7:      basic_altar, xom_redecorated
D:8:      hangedman_pestilent_swarm, corexii_checkpoint_a, uniq_pikel
D:9:      serial_shops, shop, serial_ice, serial_ice_o, serial_ice_n,
          serial_ice_g, serial_ice_l, minivault_16
D:10:     minmay_orc_entry_guard_dogs
D:11:     lair_entry_dummy
D:12:     basic_altar
D:13:     erik_vaults_2, serial_shops, shop, nicolae_shop_statue_plus,
          nicolae_shop_waterfront, basic_altar
Temple:   kilobyte_greek_temple
Lair:2:   guppyfry_snake_entry_island, st_stairs_11
Lair:3:   nicolae_swamp_entry_splash_gauntlet, portal_ice_cave_rime,
          grunt_forest_large_clearing_hut, uniq_gastronok
Lair:4:   st_stairs_10, minmay_lair_oklob_bushes, serial_bayou_shore_a,
          uniq_nergalle, uniq_snorg
Lair:5:   nicolae_slime_entry_slimehenge
Lair:6:   gammafunk_lair_ancient_temple
Orc:1:    cheibrodos_orc_guarddog, basic_altar, nicolae_orc_flooded_monolith,
          sword_in_stone
Orc:2:    grunt_orc_cross, basic_altar
Elf:1:    minmay_elf_arrival_summoners, hangedman_elf_represent
Elf:2:    portal_desolation_entry_nicolae_nacl, serial_shops, shop,
          fountainhead, spider_trap
IceCv:    ice_cave_small_necro

Skill      XL: |  1  2  3  4  5  6  7  8  9 10 11 12 13 14 15 16 |
---------------+-------------------------------------------------+-----
Conjurations   | 2 3 5 6 |  6.0
Stealth        | 4 5 6 7 8 |  8.3
Poison Magic   | 2 4 6 |  6.0
Translocations | 3 4 |  4.0
Fighting       | 1 3 4 6 |  6.0
Short Blades   | 1 4 6 8 9 10 | 10.0
Armour         | 1 4 5 6 |  6.0
Dodging        | 3 5 |  5.1
Necromancy     | 1 5 7 9 11 12 | 12.2
Evocations     | 4 |  4.1
Air Magic      | 2 |  2.7
Hexes          | 4 6 |  6.0
Charms         | 4 6 |  6.1
Spellcasting   | 5 6 7 8 |  8.2
Bows           | 5 9 12 | 12.6
Earth Magic    | 3 5 |  5.1
Summonings     | |  1.0

Action                   |  1- 3 |  4- 6 |  7- 9 | 10-12 | 13-15 | 16-18 || total
-------------------------+-------+-------+-------+-------+-------+-------++-------
Melee: Unarmed           |     3 |       |       |       |       |       ||     3
       Short sword       |    16 |     1 |       |       |       |       ||    17
       Dagger            |       |     3 |   105 |   636 |   451 |    31 ||  1226
       Quarterstaff      |       |     1 |     3 |       |       |       ||     4
       Morningstar       |       |       |     8 |       |       |       ||     8
       Constrict         |       |       |       |       |    81 |    12 ||    93
       Double sword      |       |       |       |       |    16 |       ||    16
 Fire: Hunting sling     |       |       |     2 |     2 |       |       ||     4
       Longbow           |       |       |       |       |   936 |   191 ||  1127
 Cast: Magic Dart        |    25 |    44 |   120 |   251 |    28 |       ||   468
       Mephitic Cloud    |       |     1 |     6 |    10 |    34 |     2 ||    53
       Blink             |       |       |     1 |     7 |    76 |     9 ||    93
       Regeneration      |       |       |       |    38 |    69 |     3 ||   110
       Spectral Weapon   |       |       |       |    13 |    27 |       ||    40
       Dispel Undead     |       |       |       |       |     7 |       ||     7
       Portal Projectile |       |       |       |       |    16 |     9 ||    25
       Borgnjor's Vile C |       |       |       |       |       |     3 ||     3
Invok: Receive Necronomi |       |       |       |       |     1 |       ||     1
 Abil: Spit Poison       |    21 |    15 |    57 |   106 |    86 |     7 ||   292
Evoke: Wand              |       |       |       |    10 |    25 |     2 ||    37
       Lightning rod     |       |       |       |       |     6 |     5 ||    11
  Use: Scroll            |       |     9 |    10 |    10 |    15 |     3 ||    47
       Potion            |       |       |       |     7 |     6 |     1 ||    14
 Stab: Confused          |       |     2 |     1 |     6 |     8 |     2 ||    19
       Sleeping          |       |     1 |     7 |     3 |     1 |       ||    12
       Distracted        |       |       |       |     4 |     6 |       ||    10
       Invisible         |       |       |       |       |     1 |       ||     1
  Eat: Chunk             |     2 |     4 |    13 |    22 |    34 |     1 ||    76
       Ration            |       |       |       |     2 |     1 |     1 ||     4
Armor: Robe              |    12 |     7 |    14 |       |       |       ||    33
       Leather armour    |       |       |    27 |   137 |   192 |     4 ||   360
       Skin              |       |       |       |    31 |       |       ||    31
       Ring mail         |       |       |       |       |       |    54 ||    54
Dodge: Dodged            |    25 |     6 |    39 |   171 |   232 |    39 ||   512
       Rpst.: Double sword |       |       |       |       |     3 |       ||     3

Table legend:
 A = Spawn XP
 B = Non-spawn XP
 C = Spawn XP percentage of total XP
 D = Spawn monster count
 E = Non-spawn monster count
 F = Spawn count percentage of total count
 G = Total turns spent on level
                    A         B        C        D         E        F      G
               +---------+---------+-------+---------+---------+-------+---------
         Total |       0 |  150369 |   0.0 |       0 |     687 |   0.0 | 22765
               +---------+---------+-------+---------+---------+-------+---------
           D:1 |       0 |      14 |   0.0 |       0 |       9 |   0.0 |   959
           D:2 |       0 |     141 |   0.0 |       0 |      14 |   0.0 |   880
           D:3 |       0 |     374 |   0.0 |       0 |      16 |   0.0 |   755
           D:4 |       0 |     301 |   0.0 |       0 |      19 |   0.0 |   854
           D:5 |       0 |     624 |   0.0 |       0 |      19 |   0.0 |   564
           D:6 |       0 |     566 |   0.0 |       0 |      10 |   0.0 |  1056
           D:7 |       0 |    1326 |   0.0 |       0 |      28 |   0.0 |   553
           D:8 |       0 |    2223 |   0.0 |       0 |      27 |   0.0 |   985
           D:9 |       0 |    2275 |   0.0 |       0 |      27 |   0.0 |   814
          D:10 |       0 |    3147 |   0.0 |       0 |      38 |   0.0 |   756
          D:11 |       0 |    5117 |   0.0 |       0 |      26 |   0.0 |  1036
          D:12 |       0 |   10740 |   0.0 |       0 |      38 |   0.0 |  1270
          D:13 |       0 |   15292 |   0.0 |       0 |      35 |   0.0 |   671
        Lair:1 |       0 |    6316 |   0.0 |       0 |      23 |   0.0 |   979
        Lair:2 |       0 |    3146 |   0.0 |       0 |      14 |   0.0 |   862
        Lair:3 |       0 |   11388 |   0.0 |       0 |      36 |   0.0 |  1203
        Lair:4 |       0 |    2692 |   0.0 |       0 |       7 |   0.0 |   605
        Lair:5 |       0 |    7331 |   0.0 |       0 |      27 |   0.0 |   941
        Lair:6 |       0 |   26107 |   0.0 |       0 |      68 |   0.0 |  1434
         Orc:1 |       0 |    6915 |   0.0 |       0 |      35 |   0.0 |  1142
         Orc:2 |       0 |   10278 |   0.0 |       0 |      68 |   0.0 |  1344
         Elf:1 |       0 |   12278 |   0.0 |       0 |      18 |   0.0 |  1007
         Elf:2 |       0 |    5198 |   0.0 |       0 |       8 |   0.0 |   121
         IceCv |       0 |    6252 |   0.0 |       0 |      54 |   0.0 |  1143
    Desolation |       0 |   10328 |   0.0 |       0 |      23 |   0.0 |   601
               +---------+---------+-------+---------+---------+-------+---------
